 Dungeon Crawl Stone Soup version 0.28.0 (webtiles) character file.

Game seed: 1914982974762877916

29353 oldriver the Fighter (level 13, -6/89 HPs)
             Began as a Gargoyle Fighter on Feb 7, 2022.
             Was the Champion of Okawaru.
             Mangled by a death yak (17 damage)
             ... on level 4 of the Lair of Beasts.
             The game lasted 00:23:58 (21127 turns).

oldriver the Fighter (Gargoyle Fighter)            Turns: 21127, Time: 00:23:58

Health: -6/89      AC: 39    Str: 31    XL:     13   Next: 44%
Magic:  22/22      EV: 10    Int:  7    God:    Okawaru [******]
Gold:   297        SH:  5    Dex: 13    Spells: 12/12 levels left

rFire   . . .      SeeInvis .   a - +1 flail (flame)
rCold   + + .      Faith    .   c - +0 buckler
rNeg    + . .      Spirit   .   p - +2 chain mail {Will+}
rPois   ∞          Reflect  .   N - +2 helmet of the Unstoppable Beasts {Drain rPois rC++ MP+9}
rElec   +          Harm     .   s - +1 cloak {Stlth+}
rCorr   .          Rampage  .   z - +2 pair of gloves
Will    +....                   L - +0 pair of boots
Stlth   ++........              (no amulet)
HPRegen 0.24/turn               i - ring of Incredulity {rPois Str+6 Int-2 Dex+4 Slay+5}
MPRegen 0.18/turn               w - +4 ring of protection

@: on berserk cooldown, slowed, very slow
A: sickness immunity, AC +9, negative energy resistance 1, electricity
resistance, torment resistance 1, petrification resistance
a: Renounce Religion, Heroism, Finesse, Duel


You were on level 4 of the Lair of Beasts.
You worshipped Okawaru.
Okawaru was exalted by your worship.
You visited 3 branches of the dungeon, and saw 16 of its levels.

You collected 940 gold pieces.
You spent 643 gold pieces at shops.

Inventory:

Hand Weapons
 a - a +1 flail of flaming (weapon)
 x - a +4 whip
Missiles
 j - 373 stones (quivered)
 l - 4 silver javelins
 u - 5 javelins
 J - 21 poisoned darts
Armour
 c - a +0 buckler (worn)
 p - a +2 chain mail of willpower (worn)
 s - a +1 cloak of stealth (worn)
 z - a +2 pair of gloves (worn)
 L - a +0 pair of boots (worn)
 N - the +2 helmet of the Unstoppable Beasts (worn) {Drain rPois rC++ MP+9}
   (Okawaru gifted it to you on level 2 of the Lair of Beasts)

   rC:        It greatly protects you from cold.
   rPois:     It protects you from poison.
   MP:        It affects your magic capacity (+9).
   Drain:     It drains your maximum health when unequipped.
Jewellery
 d - a ring of fire
 e - a +6 ring of strength
 i - the ring of Incredulity (left hand) {rPois Str+6 Int-2 Dex+4 Slay+5}
   (You took it off a centaur warrior on level 8 of the Dungeon)

   [ring of strength]

   Str:       It affects your strength (+6).
   Int:       It affects your intelligence (-2).
   Dex:       It affects your dexterity (+4).
   Slay:      It affects your accuracy & damage with ranged weapons and melee
   (+5).
   rPois:     It protects you from poison.
 w - a +4 ring of protection (right hand)
 A - a ring of resist corrosion
 G - a ring of positive energy
 P - a ring of protection from cold
Wands
 r - a wand of digging (18)
 C - a wand of flame (12)
Scrolls
 b - 2 scrolls of noise
 n - 6 scrolls of amnesia
 y - a scroll of brand weapon
 D - 5 scrolls of fog
 F - a scroll of identify
 M - a scroll of magic mapping
 O - a scroll of enchant weapon
Potions
 f - 2 potions of lignification
 g - 3 potions of attraction
 h - 3 potions of curing
 k - 3 potions of flight
 o - 2 potions of resistance
 q - a potion of degeneration
 t - 2 potions of magic
 v - 2 potions of brilliance
 B - a potion of invisibility
 H - 2 potions of heal wounds {unknown}
 I - a potion of cancellation {unknown}
 Q - a potion of might
Miscellaneous
 E - a phial of floods
 K - a condenser vane


   Skills:
 + Level 13.8 Fighting
 + Level 12.6 Maces & Flails
 - Level 3.0 Throwing
 + Level 12.1 Armour
 - Level 3.0 Dodging
 - Level 9.0 Stealth
 - Level 5.0 Shields


You had 12 spell levels left.
You didn't know any spells.
Your spell library contained the following spells:

 Spells                   Type           Power      Damage    Failure   Level
 Magic Dart               Conj           0%         1d3       91%         1
 Scorch                   Fire           0%         2d5       97%         2
 Searing Ray              Conj           0%         2d4       97%         2
 Frozen Ramparts          Ice            0%         1d2       99%         3
 Flame Wave               Conj/Fire      0%         2d4       100%        4
 Fulminant Prism          Conj/Hex       0%         3d6       100%        4
 Ice Form                 Ice/Tmut       0%         N/A       100%        4
 Summon Ice Beast         Ice/Summ       Unusable   N/A       N/A         4
 Summon Cactus Giant      Summ           Unusable   N/A       N/A         6

Dungeon Overview and Level Annotations

Branches:
Dungeon (11/15)            Temple (1/1) D:7            Lair (4/6) D:11
 Shoals (0/4) Lair:3       Spider (0/4) Lair:4          Orc (0/2) D:11

Altars:
Ashenzari
Cheibriados
Dithmenos
Elyvilon
Fedhas
Gozag
Hepliaklqana
Kikubaaqudgha
Makhleb
Nemelex Xobeh
Okawaru
Qazlal
Ru
Sif Muna
Uskayaw
Vehumet
Wu Jian
Xom
Yredelemnul
Zin
The Shining One

Shops:
D:3 (   D:7 *!   D:8 ?   D:10 [

Portals:
Trove: D:10 (give +6 demon trident)

Annotations:
D:8 3 runed translucent doors
D:10 1 runed translucent door, slitherrr's ghost, journeyman MiBe
Lair:4 Snorg


Innate Abilities, Weirdness & Mutations

You are immune to sickness and miasma.
Your stone body is resilient. (AC +9)
You are immune to poison.
You resist negative energy. (rN+)
You are resistant to electric shocks. (rElec)
You are resistant to unholy torment.
You are immune to petrification.


Message History

The death yak is heavily wounded.
You sock the death yak! You burn the death yak!
The death yak is severely wounded.
The death yak gores you but does no damage.
You barely miss the death yak.
The death yak is severely wounded.
The death yak gores you!
* * * LOW HITPOINT WARNING * * *
You hit the death yak but do no damage.
The death yak is severely wounded.
You barely miss the death yak.
The death yak is severely wounded.
The death yak gores you.
* * * LOW HITPOINT WARNING * * *
You bludgeon the death yak!! You burn the death yak!
You kill the death yak!
Okawaru accepts your kill.
You bludgeon the water moccasin!! You burn the water moccasin.
The water moccasin is almost dead.
You bludgeon the death yak!! You burn the death yak!
The death yak is heavily wounded.
You bludgeon the death yak!! You burn the death yak.
The death yak is almost dead.
You hit the death yak. You burn the death yak.
You kill the death yak!
Okawaru accepts your kill.
You bludgeon the water moccasin!! You burn the water moccasin.
You kill the water moccasin!
Okawaru accepts your kill.
The death yak gores you but does no damage.
Items here: †††††.
You feel a strong urge to attack something.
You are no longer berserk.
You are exhausted.
You feel yourself slow down.
The death yak gores you but does no damage.
You bludgeon the death yak!! You burn the death yak.
The death yak is moderately wounded.
The death yak gores you!
You die...

#Y# #..###>#### #.#
...#....#.# #Y###
..###†...†## #...# ###.#
#...^..# ##.### ...##.#
#....#.## #....### #.#
†..##.#.##.. #....#.##.#
..#.#.#.... ##....)..####
..#.#.#... ##.P.....#@.#
^.#...#.#.. #.........Y†##
..#..#.##..
##........#.#.#### ###.###.#
#.#.P......#####.#.##.......
##...##.#### .........(....
##...#..## #.............
###.....# .........##...
#....P## #....#.##.##..
##...## #.........##..


You could see a death yak.

Vanquished Creatures
  3 hydras
  Erolcha (D:9)
  Erica (D:8)
  A centaur warrior (D:8)
  5 death yaks (Lair:4)
  A two-headed ogre (D:11)
  A sea snake (shapeshifter) (D:8)
  An ugly thing (D:11)
  A manticore (D:11)
  A black mamba (Lair:2)
  11 cane toads
  A gargoyle (D:8)
  2 unseen horrors (D:11)
  4 komodo dragons
  A troll (D:11)
  A polar bear (Lair:4)
  Prince Ribbit (Lair:1)
  3 blink frogs (Lair:1)
  4 dream sheep (Lair:4)
  2 slime creatures (D:8)
  4 shadows
  29 yaks
  2 wyverns (Lair:4)
  2 culicivoras (Lair:4)
  A steam dragon (D:8)
  A basilisk (Lair:4)
  A two-headed ogre zombie (D:11)
  7 water moccasins
  2 ice beasts
  9 orc warriors
  6 black bears
  4 ogres
  2 sky beasts
  9 centaurs
  A phantom (D:7)
  3 kobold brigands
  3 wyvern zombies
  9 bullfrogs
  4 scorpions
  2 gnoll sergeants
  4 troll zombies (D:11)
  8 killer bees (D:9)
  7 wights
  A bullfrog zombie (D:5)
  3 howler monkeys (D:10)
  5 centaur zombies
  2 hounds (D:5)
  9 orc priests
  3 centaur skeletons
  4 bullfrog skeletons
  A jelly (D:8)
  2 gnoll shamans
  3 iguanas
  4 orc wizards
  3 ogre zombies (D:11)
  A hound zombie (D:5)
  3 howler monkey zombies
  16 gnolls
  11 adders
  A howler monkey skeleton (D:7)
  A shadow imp (D:8)
  3 white imps
  2 ufetubi
  2 adder skeletons (D:4)
  7 worms
  A dart slug (D:3)
  28 orcs
  8 ball pythons
  7 endoplasms
  2 giant cockroaches
  5 goblins
  7 hobgoblins
  8 jackals
  5 quokkas
  4 bats
  5 frilled lizards
  A goblin zombie (D:11)
  6 hobgoblin zombies (D:11)
  24 kobolds
  3 orc skeletons (D:11)
  15 orc zombies (D:11)
  6 rats
388 creatures vanquished.

Vanquished Creatures (others)
  A bush (Lair:4)
  49 fungi
  70 plants
120 creatures vanquished.

Grand Total: 508 creatures vanquished

Notes
Turn   | Place    | Note
-------+----------+-------------------------------------------
     0 | D:1      | oldriver the Gargoyle Fighter began the quest for the Orb.
     0 | D:1      | Reached XP level 1. HP: 14/14 MP: 1/1
   109 | D:1      | Reached XP level 2. HP: 6/19 MP: 2/2
   956 | D:2      | Reached XP level 3. HP: 22/24 MP: 3/3
   957 | D:2      | Reached skill level 4 in Fighting
  1656 | D:2      | Reached XP level 4. HP: 30/30 MP: 4/4
  2649 | D:2      | Reached XP level 5. HP: 16/34 MP: 5/5
  2935 | D:3      | Found a glowing silver altar of Zin.
  3054 | D:2      | Reached skill level 5 in Fighting
  3232 | D:3      | Reached XP level 6. HP: 36/40 MP: 6/6
  3261 | D:3      | Found Gelant's Weapon Shop.
  3940 | D:3      | Found a faded altar of an unknown god.
  4491 | D:4      | Reached skill level 6 in Fighting
  4638 | D:4      | Reached skill level 5 in Maces & Flails
  4842 | D:4      | Reached XP level 7. HP: 19/46 MP: 7/7
  5869 | D:5      | Entered Level 5 of the Dungeon
  5988 | D:5      | Found a basalt altar of Yredelemnul.
  5990 | D:5      | Found an ornate altar of the Wu Jian Council.
  5994 | D:5      | Found an ancient bone altar of Kikubaaqudgha.
  5994 | D:5      | Found a hide-covered altar of Uskayaw.
  6052 | D:5      | Found a white marble altar of Elyvilon.
  6217 | D:5      | Reached XP level 8. HP: 52/52 MP: 8/8
  6415 | D:5      | Reached skill level 7 in Fighting
  6690 | D:6      | Reached skill level 5 in Armour
  6690 | D:6      | Reached skill level 5 in Shields
  7291 | D:6      | Found a glowing golden altar of the Shining One.
  7494 | D:6      | Reached skill level 8 in Fighting
  7952 | D:7      | Found Muugaf's Distillery.
  7965 | D:7      | Found Imedd's Lightly-Used Armoury.
  7979 | D:7      | Reached XP level 9. HP: 58/59 MP: 9/9
  8269 | D:7      | Found a staircase to the Ecumenical Temple.
  8345 | Temple   | Entered the Ecumenical Temple
  8561 | Temple   | Became a worshipper of Warmaster Okawaru
  9254 | D:8      | Found a shimmering altar of Xom.
  9603 | D:8      | Reached skill level 9 in Fighting
  9608 | D:8      | Reached skill level 1 in Stealth
  9618 | D:8      | Reached * piety under Okawaru
 10003 | D:8      | Noticed a gargoyle
 10021 | D:8      | Killed a gargoyle
 10022 | D:8      | Reached XP level 10. HP: 23/66 MP: 10/10
 10044 | D:8      | Noticed a sea snake
 10061 | D:8      | Killed a sea snake
 10061 | D:8      | Reached ** piety under Okawaru
 10340 | D:8      | Identified the +10 spear "Ammeuhuo" {venom, Fragile rF+
                  | rN+}
 10384 | D:8      | Reached skill level 10 in Fighting
 10384 | D:8      | Identified the +1 mace "Reiciqen" {flame, Int+4}
 10384 | D:8      | Noticed a centaur warrior
 10669 | D:8      | Noticed Erica
 10686 | D:8      | Killed Erica
 10686 | D:8      | Reached *** piety under Okawaru
 10687 | D:8      | Reached skill level 5 in Stealth
 10733 | D:8      | Found Zed Loez's Magic Scroll Shoppe.
 11015 | D:8      | Found a runed translucent gate.
 11015 | D:8      | Found a runed translucent gate.
 11018 | D:8      | Noticed a brown ugly thing
 11019 | D:8      | Found a runed translucent gate.
 11020 | D:8      | Noticed a white ugly thing
 11020 | D:8      | Noticed a green ugly thing
 11021 | D:8      | Noticed a white ugly thing
 11213 | D:8      | Identified the ring of Incredulity {rPois Str+6 Int-2 Dex+4
                  | Slay+5}
 11569 | D:8      | Killed a centaur warrior
 11780 | D:8      | Found a burning altar of Makhleb.
 11780 | D:8      | Found a hazy altar of Hepliaklqana.
 12156 | D:8      | Noticed a glowing orange brain
 12346 | D:9      | Reached XP level 11. HP: 71/73 MP: 11/11
 12353 | D:9      | Reached skill level 10 in Maces & Flails
 12360 | D:9      | Reached skill level 11 in Fighting
 12455 | D:9      | Reached **** piety under Okawaru
 12589 | D:9      | Noticed Erolcha
 12718 | D:9      | Killed Erolcha
 13002 | D:9      | Found an opulent altar of Gozag.
 13665 | D:9      | Found a snail-covered altar of Cheibriados.
 13912 | D:10     | Entered Level 10 of the Dungeon
 14232 | D:10     | Found a runed translucent door.
 14233 | D:10     | Noticed slitherrr's ghost (journeyman MiBe)
 14237 | D:10     | Found a portal to a secret trove of treasure.
 14336 | D:10     | Found Xuhoqah's Antique Armour Boutique.
 14341 | D:10     | Bought a smoking scale mail for 351 gold pieces
 14341 | D:10     | Identified the +6 scale mail of Calculation {*Slow rPois
                  | Will+} (You bought it in a shop on level 10 of the Dungeon)
 14695 | D:11     | Reached ***** piety under Okawaru
 14720 | D:10     | Reached skill level 10 in Armour
 15094 | D:11     | Noticed a purple ugly thing
 15314 | D:11     | Noticed a two-headed ogre
 15332 | D:11     | Killed a two-headed ogre
 15532 | D:11     | Found a staircase to the Orcish Mines.
 15587 | D:11     | Reached skill level 12 in Fighting
 15738 | D:11     | Killed a purple ugly thing
 15807 | D:11     | Found a staircase to the Lair.
 15814 | D:11     | Noticed an orc knight
 15841 | D:11     | Reached skill level 1 in Dodging
 16023 | D:11     | Reached XP level 12. HP: 81/81 MP: 12/12
 16602 | D:11     | Noticed a stone giant
 17040 | Lair:1   | Entered Level 1 of the Lair of Beasts
 17581 | Lair:1   | Noticed Prince Ribbit
 17624 | Lair:1   | Killed Prince Ribbit
 17625 | Lair:1   | Reached skill level 1 in Throwing
 17993 | Lair:2   | Reached ****** piety under Okawaru
 18206 | Lair:2   | Identified the +2 helmet of the Unstoppable Beasts {Drain
                  | rPois rC++ MP+9} (Okawaru gifted it to you on level 2 of
                  | the Lair of Beasts)
 18206 | Lair:2   | Received a gift from Okawaru
 18524 | Lair:2   | Noticed a five-headed hydra
 18867 | D:10     | Bought a glowing cloak for 292 gold pieces
 19136 | Lair:2   | Killed a five-headed hydra
 19495 | Lair:2   | Noticed a four-headed hydra
 19504 | Lair:2   | Killed a four-headed hydra
 19505 | Lair:2   | Reached skill level 13 in Fighting
 19740 | Lair:3   | Found a staircase to the Shoals.
 19961 | Lair:3   | Reached XP level 13. HP: 88/88 MP: 13/13
 20642 | Lair:4   | Found a hole to the Spider Nest.
 21063 | Lair:4   | Noticed Snorg
 21127 | Lair:4   | Mangled by a death yak

Illustrated notes

Levels and vault maps discovered:
D:1:      denvon_arrival_planthouse, layout_loops_cross,
          chequers_serial_rivers_small_a
D:2:      minmay_skewed_foursquare, layout_basic
D:3:      layout_basic, mainiacjoe_overflow_catwalk, serial_shops,
          nicolae_shop_behind_doors, dreamdust_ecumenical_altar_grove
D:4:      layout_basic, chequers_serial_rivers_large_b, roderic_lattice_a,
          minmay_splitting_lines
D:5:      layout_rooms, grunt_temple_overflow_open, trog_wizard,
          mainiacjoe_overflow_cross_hatched
D:6:      cheibrodos_thug_alley, layout_basic, mainiacjoe_overflow_boulevard,
          chequers_serial_rivers_room_a
D:7:      layout_basic, minmay_temple_entry_antechambers, serial_shops,
          nicolae_shop_crystal, minmay_shop_damaged
D:8:      layout_loops_corners, lemuel_round_altar,
          gammafunk_temple_overflow_elements, serial_shops,
          nicolae_diamond_shop, ploomutoo_gammafunk_ghost_potion_laboratory,
          minmay_the_grid_2x2 [minmay_the_grid_spin_star, minmay_the_grid_x,
          minmay_the_grid_doors, minmay_the_grid_prize_four_corners_diamond_a],
          uniq_erica
D:9:      layout_long_grid, lemuel_crystal_altar, grunt_gozag_statues,
          uniq_erolcha
D:10:     layout_rooms, ebering_ghost_reflecting_pool, enter_trove_2,
          serial_shops, nicolae_shop_hallway_stairs
D:11:     layout_roguey [special_room_orc], due_lair_maze_entry_diamond,
          zombieorc2_lemuel, wad_dig_loot
Temple:   compressed_dpeg_triangle_lava_temple
Lair:1:   layout_small_grid, uniq_prince_ribbit2
Lair:2:   layout_chaotic_city, beast_lair_carwin_1
Lair:3:   layout_layer_cave, shoals_dummy_entry
Lair:4:   layout_loops_ring, hellmonk_spider_entry_life_and_decay,
          nicolae_volcano_entry_two_sided, uniq_snorg

Skill      XL: |  1  2  3  4  5  6  7  8  9 10 11 12 13 |
---------------+----------------------------------------+-----
Fighting       | 4 5 6 8 9 10 12 13 | 13.8
Maces & Flails | 3 4 5 7 8 9 11 12 | 12.6
Armour         | 4 5 7 8 10 11 12 | 12.1
Shields        | 4 5 |  5.0
Stealth        | 3 5 6 8 9 |  9.0
Dodging        | 1 3 |  3.0
Throwing       | 3 |  3.0

Action                   |  1- 3 |  4- 6 |  7- 9 | 10-12 | 13-15 || total
-------------------------+-------+-------+-------+-------+-------++-------
Melee: Flail             |   129 |   223 |   406 |   703 |   131 ||  1592
Throw: Stone             |       |     5 |       |     8 |       ||    13
       Javelin           |       |     1 |     2 |     2 |       ||     5
       Dart              |       |       |       |     6 |       ||     6
Invok: Heroism           |       |       |       |     5 |     1 ||     6
Evoke: Phial of floods   |       |       |       |     1 |       ||     1
       Wand              |       |       |       |     6 |       ||     6
  Use: Scroll            |       |       |     7 |    15 |       ||    22
       Potion            |       |       |     1 |     9 |     1 ||    11
 Stab: Sleeping          |       |       |       |       |     1 ||     1
Armor: Scale mail        |    11 |       |       |       |       ||    11
       Chain mail        |    58 |   141 |   288 |   673 |    77 ||  1237
Dodge: Dodged            |    49 |   108 |   130 |   288 |    32 ||   607
Block: Buckler           |    28 |    47 |    76 |   186 |    17 ||   354
